 Dungeon Crawl Stone Soup version 0.22-a0-815-gb582571 (webtiles) character file.

462941 Monsterracer the Devastator (level 24, -9/222 HPs)
             Began as a Naga Fire Elementalist on July 21, 2018.
             Was the Champion of Vehumet.
             Mangled by a titan (40 damage)
             ... on level 3 of the Depths on July 23, 2018.
             The game lasted 04:03:33 (80126 turns).

Monsterracer the Devastator (NaFE)                 Turns: 80126, Time: 04:03:33

Health: -9/222     AC: 28    Str: 10    XL:     24   Next: 52%
Magic:  1/50       EV: 14    Int: 28    God:    Vehumet [******]
Gold:   1157       SH: 14    Dex: 16    Spells: 4/52 levels left

rFire    + + .     SeeInvis +   a - staff of air
rCold    + + .     Gourm    .   t - +0 shield
rNeg     . . .     Faith    .   R - +1 robe {rC+ rF+}
rPois    +         Spirit   .   n - +2 hat {Int+3}
rElec    +         Reflect  +   q - +2 cloak
rCorr    .         Harm     .   z - +2 pair of gloves
MR       +++..                  s - +4 naga barding {rF+}
Stlth    +++++.....             f - +3 amulet of reflection
HPRegen  0.47/turn              J - ring "Neephung" {rC+ MP+9 Int+2 Dex+3}
MPRegen  0.32/turn              y - ring of wizardry

@: short of breath, deflect missiles, very slow
A: large, see invisible, clumsy 1, deformed body, poison resistance, slowness 2,
slow metabolism 1, spit poison 1, weak 1, evolution 1, constrict 1, AC +8
}: 2/15 runes: decaying, serpentine
a: Spit Poison, Renounce Religion


You were on level 3 of the Depths.
You worshipped Vehumet.
Vehumet was exalted by your worship.
You were not hungry.

You visited 7 branches of the dungeon, and saw 38 of its levels.
You visited the Abyss 2 times.
You also visited: Bailey.

You collected 4159 gold pieces.
You spent 3002 gold pieces at shops.

Inventory:

Hand Weapons
 w - the +3 trident of the Endless March {pierce, -Tele rPois rC+}
   (You took it off an orc knight on level 1 of the Vaults)

   It inflicts extra damage upon your enemies.
   It protects you from cold.
   It protects you from poison.
   It prevents most forms of teleportation.
Missiles
 E - a throwing net (quivered)
Armour
 n - a +2 hat of intelligence (worn)
 q - a +2 cloak (worn)
 s - a +4 naga barding of fire resistance (worn)
 t - a +0 shield (worn)
 z - a +2 pair of gloves (worn)
 R - a +1 robe of resistance (worn)
 Y - a +2 robe of the Archmagi
Magical Staves
 a - an uncursed staff of air (weapon)
 b - an uncursed staff of wizardry {!a}
Jewellery
 f - a +3 amulet of reflection (around neck)
 x - an uncursed ring of flight
 y - a ring of wizardry (right hand)
 G - the ring "Peocrab" {rElec rPois MR+}
   (You took it off a naga mage on level 4 of the Snake Pit)

   [ring of poison resistance]

   It insulates you from electricity.
   It protects you from poison.
   It affects your resistance to hostile enchantments.
 J - the ring "Neephung" (left hand) {rC+ MP+9 Int+2 Dex+3}
   (You took it off a centaur warrior on level 4 of the Vaults)

   [ring of intelligence]

   It affects your intelligence (+2).
   It affects your dexterity (+3).
   It protects you from cold.
   It affects your magic capacity (+9).
 L - an uncursed ring of fire
Wands
 l - a wand of paralysis (21)
 o - a wand of scattershot (7)
 p - a wand of digging (22)
 u - a wand of iceblast (7)
 F - a wand of acid (6)
Scrolls
 d - 10 scrolls of teleportation
 j - 4 scrolls of magic mapping {!r}
 k - 4 scrolls of fog
 A - 10 scrolls of remove curse
 B - a scroll of holy word
 K - a scroll of blinking
 P - 3 scrolls of identify
 S - 8 scrolls of amnesia
 W - 3 scrolls of fear {!r}
Potions
 e - 2 potions of heal wounds
 g - 4 potions of flight
 h - 17 potions of curing
 m - 4 potions of magic
 r - 9 potions of haste
 v - 4 potions of agility
 C - a potion of resistance
 D - 5 potions of mutation {!q}
 N - a potion of cancellation
 O - 3 potions of ambrosia {!q}
 Q - 4 potions of might
 T - a potion of berserk rage {!q}
 V - 2 potions of brilliance
 X - 2 potions of invisibility
Comestibles
 c - 42 rations


   Skills:
 + Level 14.2 Fighting
 - Level 7.2 Staves
 - Level 6.7 Armour
 - Level 8.9 Dodging
 - Level 11.6 Stealth
 - Level 9.0 Shields
 * Level 14.7 Spellcasting
 * Level 20.4 Conjurations
 - Level 5.0 Charms
 - Level 3.0 Necromancy
 + Level 20.3 Fire Magic
   Level 3.0 Ice Magic
 + Level 9.8 Air Magic


You had 4 spell levels left.
You knew the following spells:

 Your Spells              Type           Power        Failure   Level  Hunger
a - Flame Tongue          Conj/Fire      #####        0%          1    None
b - Conjure Flame         Conj/Fire      #######.     0%          3    None
c - Sticky Flame          Conj/Fire      #######.     0%          4    None
d - Fireball              Conj/Fire      #######...   0%          5    None
e - Shock                 Conj/Air       ####         0%          1    None
f - Fire Storm            Conj/Fire      #######...   7%          9    #######
g - Chain Lightning       Conj/Air       ########..   4%          8    #######
h - Static Discharge      Conj/Air       ########     0%          3    None
i - Bolt of Magma         Conj/Fire/Erth #######...   1%          5    None
j - Regeneration          Chrm/Necr      #####.....   1%          3    None
y - Deflect Missiles      Chrm/Air       #######...   8%          6    ####...

Your spell library contained the following spells:

 Spells                   Type           Power        Failure   Level  Hunger
 Cause Fear               Hex            ###.......   10%         4    None
 Magic Dart               Conj           ####         0%          1    None
 Lightning Bolt           Conj/Air       ########..   1%          5    None
 Throw Flame              Conj/Fire      ######       0%          2    None
 Summon Small Mammal      Summ           ###.         1%          1    None
 Iskenderun's Mystic Bla  Conj           #######.     0%          4    None
 Animate Dead             Necr           N/A          2%          4    None
 Pain                     Necr           ####         1%          1    None
 Animate Skeleton         Necr           N/A          1%          1    None
 Vampiric Draining        Necr           #####.....   1%          3    None
 Summon Ice Beast         Ice/Summ       ####....     5%          4    None
 Call Imp                 Summ           ###.....     1%          2    None
 Statue Form              Tmut/Erth      ###......    80%         6    ####...
 Passwall                 Tmut/Erth      ###.....     1%          2    None
 Call Canine Familiar     Summ           ###.....     3%          3    None
 Summon Butterflies       Summ           ###.....     1%          1    None
 Silence                  Hex/Air        ######....   3%          5    None
 Shatter                  Erth           ###.......   100%        9    #######
 Tornado                  Air            #######...   96%         9    #######
 Summon Hydra             Summ           ###.......   100%        7    #####..
 Shroud of Golubria       Chrm/Tloc      ####......   1%          2    None
 Inner Flame              Hex/Fire       ######..     1%          3    None
 Fulminant Prism          Conj/Hex       ######....   1%          4    None
 Dazzling Spray           Conj/Hex       ######       1%          3    None
 Force Lance              Conj/Tloc      ######..     1%          4    None
 Infusion                 Chrm           ####         1%          1    None
 Song of Slaying          Chrm           #####...     1%          2    None
 Spectral Weapon          Hex/Chrm       ####....     1%          3    None
 Searing Ray              Conj           ######       0%          2    None
 Discord                  Hex            ###.......   100%        8    #######
 Summon Lightning Spire   Summ/Air       ######..     1%          4    None
 Summon Guardian Golem    Hex/Summ       ###.....     3%          3    None
 Summon Mana Viper        Hex/Summ       ###.....     26%         5    None
 Hydra Form               Tmut           ###.......   80%         6    ####...
 Yara's Violent Unravell  Hex/Tmut       ###.......   8%          5    None
 Ignition                 Fire           #######...   1%          8    #######


Dungeon Overview and Level Annotations

Branches:
Dungeon (15/15)            Temple (0/1) D:6            Lair (6/6) D:10
  Swamp (4/4) Lair:2        Snake (4/4) Lair:4        Slime (0/5) Lair:6
    Orc (2/2) D:12            Elf (0/3) Orc:2        Vaults (4/5) D:14
  Crypt (0/3) Vaults:2     Depths (3/5) D:15

Altars:
Ashenzari
Cheibriados
Dithmenos
Elyvilon
Fedhas
Gozag
Kikubaaqudgha
Makhleb
Nemelex Xobeh
Qazlal
Sif Muna
Vehumet
Wu Jian
Xom
Yredelemnul
The Shining One
Jiyva

Shops:
D:15 *   Orc:2 (=(!   Snake:1 [==}   Snake:2 [!   Vaults:1 !   Vaults:2 *

Portals:
Hell: Depths:1 Depths:2 Depths:3
Abyss: Depths:3
Pandemonium: Depths:1 Depths:3
Trove: D:10 (give horn of Geryon)

Annotations:
Lair:6 3 runed doors, Desemo's ghost, journeyman MiBe; Quriuxi's ghost, journeyman FoFi; Saomaq's ghost, journeyman DDFi; Yrixi's ghost, journeyman MiBe


Innate Abilities, Weirdness & Mutations

You cannot wear boots.
Your serpentine skin is tough. (AC +8)
You have supernaturally acute eyesight. (SInv)
Armour fits poorly on your strangely shaped body.
Your system is resistant to poisons. (rPois)
You cover ground very slowly.
You have a slow metabolism.
You can spit poison.
You can use your snake-like lower body to constrict enemies.
You are clumsy. (Dex -2)
You are weak. (Str -2)
You evolve.


Message History

You constrict the cyan very ugly thing, but do no damage.
The titan gestures wildly while chanting.
The titan is healed somewhat.
You hit the titan.
The titan is heavily wounded.
You constrict the cyan very ugly thing. The cyan very ugly thing punches you.
The cyan very ugly thing shocks you! You resist.
The titan gestures at you while chanting.
The bolt of lightning hits you!
You take 12 damage, and have 122/222 hp.
You hit the titan.
The titan is heavily wounded.
You constrict the cyan very ugly thing. The cyan very ugly thing punches you.
The cyan very ugly thing shocks you! You resist.
* * * LOW HITPOINT WARNING * * *
The titan points at you and mumbles some strange words.
You deflect the bolt of lightning!
You take 12 damage, and have 110/222 hp.
You hit the titan but do no damage.
The titan is heavily wounded.
You constrict the cyan very ugly thing. The cyan very ugly thing punches you!
* * * LOW HITPOINT WARNING * * *
The cyan very ugly thing shocks you. You resist.
* * * LOW HITPOINT WARNING * * *
The titan casts a spell.
The titan is healed somewhat.
You take 21 damage, and have 89/222 hp.
Press: ? - help, v - describe, . - travel, g - get item
Here: a titan (moderately wounded)
A very ugly thing corpse.
There is something else lying underneath.
The floor.
Press: ? - help, Shift-Dir - straight line, f/p - titan
Aim: a titan (moderately wounded)
The splash of poison hits the titan.
The titan is poisoned.
The titan is heavily wounded.
You feel slightly more hungry.
You constrict the cyan very ugly thing.
The cyan very ugly thing punches you but does no damage.
The titan hits you!!
* * * LOW HITPOINT WARNING * * *
You take 25 damage, and have 64/222 hp.
Evoke which item? (* to show all) (? for menu, Esc to quit)
Aiming: Corrosive Bolt
Press: ? - help, Shift-Dir - straight line, f/p - titan
Aim: a titan (heavily wounded, poisoned)
The bolt of acid hits the titan.
The titan is splashed with acid.
The acid corrodes the titan!
The titan is heavily wounded.
You constrict the cyan very ugly thing!
The cyan very ugly thing punches you but does no damage.
The titan misses you.
Unknown command.
You release your grip on the cyan very ugly thing.
You block the titan's attack.
You have got your breath back.
The titan looks more healthy.
The cyan very ugly thing punches you.
* * * LOW HITPOINT WARNING * * *
The cyan very ugly thing shocks you! You resist.
* * * LOW HITPOINT WARNING * * *
You take 12 damage, and have 53/222 hp.
Press: ? - help, Shift-Dir - straight line, f/p - titan
Aim: a titan (heavily wounded, covered in acid)
The splash of poison hits the cyan very ugly thing.
The cyan very ugly thing is poisoned.
The cyan very ugly thing is almost dead.
You are starving!
The titan waves its arms in wide circles.
The air twists around and strikes you!
The cyan very ugly thing punches you but does no damage.
You eat one of the 43 rations.
That ration really hit the spot!
The titan casts a spell at you.
The bolt of lightning hits the cyan very ugly thing.
The cyan very ugly thing resists.
The cyan very ugly thing dies!
The bolt of lightning hits you! You resist.
* * * LOW HITPOINT WARNING * * *
You take 4 damage, and have 49/222 hp.
Casting: Fireball (safe; 0% risk of failure)
Confirm with . or Enter, or press ? or * to list all spells.
Aiming: Fireball (safe; 0% risk of failure)
Press: ? - help, Shift-Dir - straight line, f/p - titan
Aim: a titan (heavily wounded, covered in acid)
The fireball explodes!
The fireball engulfs the titan.
The titan is almost dead.
The titan casts a spell at you. You deflect the bolt of lightning!
The bolt of lightning hits you! You resist.
* * * LOW HITPOINT WARNING * * *
You take 7 damage, and have 42/222 hp.
You now have 0/50 mp.
Evoke which item? (* to show all) (? for menu, Esc to quit)
Aiming: Corrosive Bolt
Press: ? - help, Shift-Dir - straight line, f/p - titan
Aim: a titan (almost dead, covered in acid)
The bolt of acid hits the titan.
The titan is splashed with acid.
The acid corrodes the titan!
The titan is almost dead.
The titan hits you!!
* * * LOW HITPOINT WARNING * * *
You take 31 damage, and have 11/222 hp.
You feel much better. The titan hits you!!!
You die...

#..##.## #.
#......## ...
#.....#.## #...
##.......## #....
#........## #..
#.........## ....
##.......#.## #u...
##.........## #.....
###.....@#.##
#.u....
#.....C#..###.......
##.....†...#.u....#
####..............#
################


You could see a titan.

Vanquished Creatures
  Sojobo (Vaults:4)
  Vashnia (Snake:2)
  Boris (Vaults:4)
  Xtahua (Vaults:4)
  A caustic shrike (Depths:1)
  A golden dragon (Depths:2)
  Jorgrun (Depths:1)
  A tentacled monstrosity (Depths:3)
  A titan (Depths:2)
  A quicksilver dragon (Depths:2)
  2 tentacled starspawn (Abyss:2)
  Gastronok (Lair:3)
  5 tengu reavers
  3 sphinxes
  Agnes (D:15)
  Kirke (D:14)
  4 thorn hunters (Swamp:4)
  2 storm dragons (Depths:3)
  Roxanne (Snake:2)
  8 frost giants
  13 nagarajas
  8 fire giants
  An orc warlord (D:12)
  2 deep elf sorcerers (Depths:3)
  13 vault wardens
  4 iron dragons
  3 ironheart preservers
  A draconian annihilator (Abyss:2)
  A deep elf elementalist (Depths:3)
  16 very ugly things
  A war gargoyle (Vaults:4)
  2 spriggan defenders
  12 stone giants
  5 entropy weavers
  3 vampire knights
  A deep elf demonologist (Depths:3)
  A deep elf annihilator (Depths:3)
  9 ettins
  An eidolon (Abyss:2)
  A blizzard demon (Depths:1)
  A deep elf death mage (Vaults:2)
  A jiangshi (Depths:3)
  11 great orbs of eyes
  7 yaktaur captains
  A monstrous demonspawn (Depths:1)
  6 fire dragons
  16 naga warriors
  7 rakshasas
  18 anacondas
  2 spriggan air magi (Depths:3)
  22 hydras
  7 ice dragons
  19 vault guards
  3 ghost crabs
  21 two-headed ogres
  14 alligators
  3 catoblepae (Lair:6)
  2 tengu warriors
  12 centaur warriors
  10 ogre magi
  13 death yaks
  21 naga sharpshooters
  2 deep troll earth magi
  3 deep troll shamans
  2 thrashing horrors (Abyss:2)
  2 vampire magi
  3 orc high priests (Orc:2)
  14 shock serpents
  9 deep elf knights
  4 spriggan berserkers
  5 spriggans (Swamp:1)
  Sonja (Lair:3)
  4 wretched stars (Abyss:2)
  10 salamander mystics
  An iron troll (D:15)
  2 shadow wraiths
  A skeletal warrior (Vaults:2)
  5 flayed ghosts
  A sixfirhy (Abyss:2)
  4 unseen horrors
  3 deep elf archers
  A lindwurm (shapeshifter) (D:15)
  11 naga ritualists
  3 shambling mangroves
  A glowing orange brain (shapeshifter) (Depths:2)
  10 deep trolls
  8 glowing orange brains
  14 ironbrand convokers
  17 swamp dragons
  4 wizards
  An obsidian statue (Vaults:2)
  4 lindwurms (Snake:4)
  3 starcursed masses (Abyss:2)
  26 orc knights
  2 phantasmal warriors (Depths:2)
  Pikel (D:4)
  5 harpies (Vaults:3)
  6 large abominations (Abyss:2)
  A mana viper (shapeshifter) (Vaults:1)
  A shadow dragon zombie (Vaults:3)
  A harpy (shapeshifter) (D:15)
  A tengu zombie (Depths:1)
  18 deep elf magi
  3 wolf spiders
  3 necromancers
  A faun (shapeshifter) (Vaults:4)
  13 mana vipers
  11 orc sorcerers
  2 shining eyes (shapeshifter)
  4 cyclopes
  60 ugly things
  4 manticores
  20 salamanders
  A smoke demon (Abyss:2)
  A centaur zombie (D:12)
  10 guardian serpents
  5 elephants (Lair:6)
  2 black mambas (shapeshifter)
  20 naga magi
  2 gargoyles
  A guardian serpent (shapeshifter) (Vaults:3)
  34 black mambas
  2 torpor snails
  19 spiny frogs
  15 vault sentinels
  An orange demon (Depths:1)
  A dire elephant skeleton (Abyss:2)
  2 kobold demonologists (D:13)
  2 rime drakes
  2 komodo dragons (shapeshifter)
  An ancient zyme (Abyss:2)
  3 komodo dragons
  8 freezing wraiths
  33 yaktaurs
  An ice devil (Depths:1)
  A jumping spider (shapeshifter) (D:15)
  7 trolls
  A tengu conjurer (D:14)
  3 trolls (shapeshifter)
  2 polar bears
  9 tyrant leeches
  9 hornets
  32 slime creatures
  A harpy skeleton (D:12)
  A hornet (shapeshifter) (Vaults:2)
  A raiju (shapeshifter) (Depths:2)
  A meliai zombie (D:15)
  13 blink frogs
  6 hippogriffs
  3 raiju (Abyss:2)
  A tengu simulacrum (Vaults:3)
  5 bog bodies
  11 dream sheep
  A stone giant simulacrum (Vaults:3)
  A wyvern (D:9)
  8 redbacks (Snake:4)
  2 spriggan skeletons (Depths:1)
  6 shadows
  A tarantella (shapeshifter) (Vaults:4)
  3 wraiths
  A human (D:9)
  44 yaks
  13 water elementals
  3 basilisks
  8 hogs
  4 hungry ghosts
  2 chaos spawn
  2 steam dragons
  17 vampire mosquitoes
  3 neqoxecs (Abyss:2)
  14 swamp worms
  45 nagas
  2 soldier ants
  3 acid dragons
  7 insubstantial wisps
  A water moccasin (shapeshifter) (D:15)
  7 wargs
  A floating eye (Depths:2)
  11 water moccasins
  9 porcupines
  A human zombie (Vaults:3)
  4 ice beasts
  15 swamp drakes
  A slave (D:4)
  A black bear (D:6)
  56 orc warriors
  An eye of draining (shapeshifter) (Depths:3)
  A sky beast (shapeshifter) (Vaults:3)
  2 sky beasts
  25 ogres
  5 wolves (Lair:1)
  5 boggarts
  6 phantoms
  19 centaurs
  7 crocodiles
  4 big kobolds
  21 bullfrogs
  A gnoll sergeant (D:9)
  A water moccasin zombie (D:9)
  9 killer bees
  A scorpion (shapeshifter) (Depths:3)
  A scorpion (D:8)
  A human simulacrum (Vaults:3)
  A wight (D:8)
  2 howler monkeys
  5 electric eels
  7 crimson imps
  3 bullfrog zombies
  3 quasits
  3 iron imps (D:7)
  5 hounds
  24 orc priests
  A wyvern simulacrum (D:10)
  A gnoll shaman (D:9)
  2 jellies
  35 orc wizards
  5 bullfrog skeletons
  4 centaur skeletons
  3 iguanas
  10 worker ants
  13 hell rats
  3 small abominations (Abyss:2)
  2 bullfrog simulacra (D:10)
  A hound zombie (D:9)
  A worker ant zombie (D:11)
  2 howler monkey skeletons
  Robin (D:2)
  14 gnolls
  13 adders
  3 shadow imps
  2 white imps (D:10)
  2 ufetubi (D:10)
  An adder skeleton (D:8)
  An adder zombie (D:6)
  3 worms
  A dart slug (D:2)
  10 leopard geckos
  154 orcs
  5 giant cockroaches
  18 goblins
  10 hobgoblins
  11 jackals
  7 quokkas
  10 bats
  4 frilled lizards
  22 kobolds
  A quokka skeleton (D:4)
  4 rats
  A briar patch (Swamp:4)
  A plant (Lair:3)
  A starspawn tentacle (Abyss:2)
1805 creatures vanquished.

Vanquished Creatures (collateral kills)
  A thrashing horror (Abyss:2)
  A shadow wraith (Vaults:1)
  4 slime creatures (Vaults:1)
  A jackal (D:8)
7 creatures vanquished.

Vanquished Creatures (others)
  A tengu reaver (Depths:2)
  A nagaraja (Snake:4)
  A stone giant (Vaults:4)
  A very ugly thing (Depths:3)
  4 centaur warriors
  A deep elf knight (Vaults:3)
  A salamander mystic (Snake:4)
  A wizard (Depths:3)
  A deep elf archer (Vaults:2)
  A necromancer (Vaults:3)
  A cyclops (Vaults:2)
  A mana viper (Snake:4)
  A naga mage (Snake:2)
  6 yaktaurs
  5 dream sheep (D:10)
  A shadow (Swamp:1)
  A naga (Snake:4)
  A water moccasin (Lair:4)
  3 centaurs
  A small abomination (Abyss:2)
  An adder (D:4)
  A bush (Lair:6)
  8 fungi
  A lurking horror (Abyss:2)
  11 plants
  5 starspawn tentacles (Abyss:2)
  2 withered plants (Lair:6)
63 creatures vanquished.

Grand Total: 1875 creatures vanquished

Notes
Turn   | Place    | Note
-------+----------+-------------------------------------------
     0 | D:1      | Monsterracer the Naga Fire Elementalist began the quest for the Orb.
     0 | D:1      | Reached XP level 1. HP: 15/15 MP: 3/3
   179 | D:1      | Reached XP level 2. HP: 22/22 MP: 1/5
   226 | D:1      | Found a shattered altar of Ashenzari.
   815 | D:1      | Reached XP level 3. HP: 28/28 MP: 6/6
  1073 | D:2      | Found a stormy altar of Qazlal.
  1196 | D:2      | Reached XP level 4. HP: 20/36 MP: 1/7
  1200 | D:2      | HP: 18/36 [goblin/dagger of holy wrath (1)]
  1547 | D:2      | Learned a level 4 spell: Sticky Flame
  1555 | D:2      | Learned a level 3 spell: Conjure Flame
  1803 | D:2      | Noticed Robin
  1881 | D:2      | Killed Robin
  2155 | D:2      | Reached XP level 5. HP: 39/42 MP: 4/9
  2162 | D:2      | HP: 16/42 [gnoll/spear (10)]
  2173 | D:2      | HP: 10/42 [gnoll/spear (8)]
  3546 | D:4      | Reached XP level 6. HP: 37/49 MP: 0/10
  3767 | D:4      | Noticed a steam dragon
  4138 | D:4      | Reached skill level 5 in Fire Magic
  4380 | D:4      | Noticed a slave
  4390 | D:4      | Noticed a slave
  4395 | D:4      | Noticed a slave
  4398 | D:4      | Noticed Pikel
  4401 | D:4      | Noticed a slave
  4410 | D:4      | Killed a slave
  4414 | D:4      | Killed Pikel
  4414 | D:4      | Reached skill level 5 in Stealth
  4414 | D:4      | Reached skill level 5 in Conjurations
  4414 | D:4      | Reached XP level 7. HP: 49/55 MP: 0/12
  4719 | D:5      | Entered Level 5 of the Dungeon
  4807 | D:5      | Reached XP level 8. HP: 56/62 MP: 9/13
  5009 | D:5      | Reached skill level 1 in Shields
  5052 | D:5      | Learned a level 5 spell: Fireball
  5763 | D:6      | Found a radiant altar of Vehumet.
  5775 | D:6      | Became a worshipper of Vehumet
  5864 | D:6      | Found a staircase to the Ecumenical Temple.
  6665 | D:7      | Reached XP level 9. HP: 68/68 MP: 4/15
  7039 | D:7      | Found a white marble altar of Elyvilon.
  7043 | D:7      | Found a shadowy altar of Dithmenos.
  7050 | D:7      | HP: 26/68 [ogre/giant spiked club (21)]
  7389 | D:7      | Found a burning altar of Makhleb.
  7439 | D:7      | HP: 34/68 [iron imp (7)]
  7718 | D:7      | Reached * piety under Vehumet
  7718 | D:7      | Offered knowledge of Magic Dart by Vehumet.
  7726 | D:7      | Learned a level 1 spell: Magic Dart
  7835 | D:7      | Reached skill level 5 in Spellcasting
  8145 | D:7      | Found an opulent altar of Gozag.
  8145 | D:7      | Found a stormy altar of Qazlal.
  9212 | D:8      | Reached ** piety under Vehumet
  9252 | D:8      | Offered knowledge of Shock by Vehumet.
  9302 | D:8      | Learned a level 1 spell: Shock
  9368 | D:8      | HP: 34/68 [orc warrior/dire flail (12)]
  9369 | D:8      | Reached XP level 10. HP: 37/75 MP: 4/18
 10210 | D:8      | Reached skill level 1 in Fighting
 10347 | D:8      | Noticed a two-headed ogre
 10352 | D:8      | Killed a two-headed ogre
 10795 | D:8      | Offered knowledge of Static Discharge by Vehumet.
 10853 | D:8      | Learned a level 3 spell: Static Discharge
 10856 | D:8      | Noticed a tengu warrior
 10926 | D:8      | Killed a tengu warrior
 10926 | D:8      | Reached skill level 10 in Fire Magic
 10969 | D:8      | Noticed a manticore
 10977 | D:8      | HP: 30/81 [manticore (12)]
 10979 | D:8      | HP: 11/81 [manticore (7)]
 10980 | D:8      | HP: 5/121 [manticore (11)]
 10981 | D:8      | Killed a manticore
 10981 | D:8      | Reached skill level 1 in Air Magic
 10981 | D:8      | Reached XP level 11. HP: 6/88 MP: 2/20
 11423 | D:8      | Upgraded the game from 0.22-a0-799-g88f5e90 to 0.22-a0-803-gd6d8abe
 11476 | D:9      | Reached *** piety under Vehumet
 11960 | D:9      | Found a snail-covered altar of Cheibriados.
 12431 | D:9      | Offered knowledge of Dazzling Spray by Vehumet.
 12431 | D:9      | Reached skill level 10 in Conjurations
 12637 | D:10     | Entered Level 10 of the Dungeon
 12715 | D:10     | Found a shimmering altar of Xom.
 12988 | D:10     | Reached **** piety under Vehumet
 13138 | D:10     | Offered knowledge of Ignite Poison by Vehumet.
 13514 | D:10     | Found a staircase to the Lair.
 13707 | D:10     | Found a portal to a secret trove of treasure.
 14180 | D:11     | Noticed a manticore
 14190 | D:11     | HP: 46/92 [slime creature (7)]
 14443 | D:11     | HP: 38/92 [very large slime creature (46)]
 14445 | D:11     | HP: 17/92 [very large slime creature (21)]
 14449 | D:11     | HP: 6/92 [acid (10)]
 14777 | D:11     | Noticed a five-headed hydra
 14820 | D:11     | Killed a manticore
 14820 | D:11     | Reached XP level 12. HP: 63/99 MP: 14/22
 15102 | D:11     | Found an ornate altar of the Wu Jian Council.
 15293 | D:11     | Reached ***** piety under Vehumet
 15293 | D:11     | Offered knowledge of Throw Icicle by Vehumet.
 15448 | D:11     | Learned a level 4 spell: Throw Icicle
 15711 | D:11     | Killed a five-headed hydra
 15874 | Lair:1   | Entered Level 1 of the Lair of Beasts
 17158 | Lair:1   | Noticed a five-headed hydra
 17178 | Lair:1   | Killed a five-headed hydra
 17565 | Lair:2   | Reached skill level 5 in Shields
 17686 | Lair:2   | Reached skill level 5 in Fighting
 18660 | Lair:2   | Found a staircase to the Swamp.
 19180 | Lair:3   | Noticed Sonja
 19185 | Lair:3   | HP: 49/103 [poisoned by Sonja]
 19189 | Lair:3   | Killed Sonja
 19190 | Lair:3   | HP: 33/103 [poisoned by Sonja]
 19195 | Lair:3   | HP: 25/103 [poisoned by Sonja]
 19201 | Lair:3   | HP: 23/103 [poisoned by Sonja]
 19209 | Lair:2   | HP: 22/103 [poisoned by Sonja]
 19217 | Lair:2   | HP: 22/103 [poisoned by Sonja]
 19899 | Lair:3   | Reached skill level 1 in Armour
 19899 | Lair:3   | Gained mutation: You can use your snake-like lower body to constrict enemies. [Naga growth]
 19899 | Lair:3   | Reached XP level 13. HP: 85/110 MP: 14/25
 19912 | Lair:3   | Reached skill level 5 in Air Magic
 20054 | Lair:3   | Offered knowledge of Poison Arrow by Vehumet.
 20184 | Lair:3   | Noticed Gastronok
 20234 | Lair:3   | Killed Gastronok
 20234 | Lair:3   | Reached skill level 1 in Ice Magic
 20715 | Lair:3   | HP: 55/111 [/static electricity (1)]
 20977 | Lair:3   | HP: 54/111 [spiny frog (7)]
 21455 | Lair:4   | Found a staircase to the Snake Pit.
 23426 | Lair:6   | Entered Level 6 of the Lair of Beasts
 23573 | Lair:6   | Offered knowledge of Bolt of Magma by Vehumet.
 23589 | Lair:6   | Learned a level 5 spell: Bolt of Magma
 24015 | Lair:6   | HP: 55/112 [elephant (7)]
 24022 | Lair:6   | HP: 50/114 [death yak (9)]
 24029 | Lair:6   | HP: 30/114 [death yak (22)]
 24498 | Lair:6   | Found a runed gate.
 24499 | Lair:6   | Found a runed gate.
 24499 | Lair:6   | Found a runed gate.
 24499 | Lair:6   | Noticed Desemo's ghost (journeyman MiBe)
 24500 | Lair:6   | Noticed Yrixi's ghost (journeyman MiBe)
 24501 | Lair:6   | Noticed Saomaq's ghost (journeyman DDFi)
 24503 | Lair:6   | Noticed Quriuxi's ghost (journeyman FoFi)
 24574 | Lair:6   | Reached XP level 14. HP: 121/121 MP: 26/26
 24592 | Lair:6   | HP: 48/121 [death yak (26)]
 24882 | Lair:6   | Found a staircase to the Slime Pits.
 24883 | Lair:6   | Found a viscous altar of Jiyva.
 25984 | Lair:6   | HP: 45/123 [death yak (22)]
 26527 | Lair:6   | Got a pair of encrusted boots
 27583 | D:12     | Found a staircase to the Orcish Mines.
 28130 | D:12     | Offered knowledge of Ozocubu's Refrigeration by Vehumet.
 28419 | Orc:1    | Entered Level 1 of the Orcish Mines
 28441 | Orc:1    | Noticed an orc warlord
 28559 | D:12     | Killed an orc warlord
 28901 | Orc:1    | Found a flagged portal.
 28938 | Bailey   | Entered a bailey
 29278 | Bailey   | Offered knowledge of Bolt of Fire by Vehumet.
 29554 | Orc:1    | Identified a scroll of acquirement
 29555 | Orc:1    | Got a faintly glowing naga barding
 29566 | Orc:1    | Identified the +3 naga barding of Poyneac {rC++ Str-5} (You acquired it on level 1 of the Orcish Mines)
 30009 | Orc:2    | Entered Level 2 of the Orcish Mines
 30014 | Orc:2    | Reached skill level 1 in Staves
 30017 | Orc:2    | HP: 54/123 [orc priest/divine providence (15)]
 30019 | Orc:2    | HP: 24/123 [orc warrior/flail (30)]
 30024 | Orc:1    | HP: 23/123 [/static electricity (1)]
 30370 | Orc:1    | Reached XP level 15. HP: 108/130 MP: 23/28
 31201 | Orc:2    | Found Koblyix's Weapon Emporium.
 31201 | Orc:2    | Found Cepninir's Distillery.
 31203 | Orc:2    | Found Akiorgh's Antique Weapon Shop.
 31203 | Orc:2    | Found Rubufrom's Jewellery Emporium.
 31209 | Orc:2    | Bought a potion of brilliance for 60 gold pieces
 31209 | Orc:2    | Bought a potion of brilliance for 60 gold pieces
 31209 | Orc:2    | Bought a potion of invisibility for 120 gold pieces
 31212 | Orc:2    | Bought the ring of the Louse {rPois Int+5 Dex+4} for 535 gold pieces
 31226 | Orc:2    | Bought an uncursed ring of protection from cold for 275 gold pieces
 31277 | Orc:2    | Offered knowledge of Conjure Ball Lightning by Vehumet.
 31348 | Orc:2    | HP: 66/132 [/static electricity (1)]
 31750 | Orc:2    | Found a staircase to the Elven Halls.
 32859 | D:13     | Reached XP level 16. HP: 140/140 MP: 29/29
 33035 | D:13     | Reached skill level 10 in Stealth
 34017 | D:14     | Noticed Kirke
 34074 | D:14     | Offered knowledge of Iron Shot by Vehumet.
 34077 | D:14     | Killed Kirke
 34606 | D:14     | Found a blossoming altar of Fedhas.
 34703 | D:14     | HP: 64/141 [deep elf knight/shard of ice (25)]
 35017 | D:14     | HP: 64/141 [something/bolt of magma (14)]
 35655 | D:14     | Found a deep blue altar of Sif Muna.
 35768 | D:14     | Found a gate to the Vaults.
 35820 | D:15     | Entered Level 15 of the Dungeon
 36015 | D:15     | Reached skill level 10 in Spellcasting
 36015 | D:15     | Reached XP level 17. HP: 145/148 MP: 7/31
 36199 | D:15     | Noticed Agnes
 36272 | D:15     | Killed Agnes
 37009 | D:15     | HP: 65/148 [slime creature (17)]
 37269 | D:15     | Got a bloodstained shortbow
 37400 | D:15     | Found Jopn's General Store.
 37403 | D:15     | Bought a potion of heal wounds for 95 gold pieces
 37575 | D:15     | Found a glowing golden altar of the Shining One.
 37991 | D:15     | Found a staircase to the Depths.
 38333 | Swamp:1  | Entered Level 1 of the Swamp
 38353 | Swamp:1  | HP: 57/150 [shambling mangrove (23)]
 38354 | Swamp:1  | Reached skill level 15 in Fire Magic
 38354 | Swamp:1  | HP: 26/150 [eight-headed hydra (9)]
 38357 | Swamp:1  | HP: 9/150 [spriggan rider/spear (15)]
 38359 | Swamp:1  | Reached ****** piety under Vehumet
 38361 | Swamp:1  | HP: 4/150 [swamp worm/harpoon shot (7)]
 38826 | Swamp:1  | Offered knowledge of Lehudib's Crystal Spear by Vehumet.
 38826 | Swamp:1  | Offered knowledge of Fire Storm by Vehumet.
 38826 | Swamp:1  | Offered knowledge of Chain Lightning by Vehumet.
 38844 | Lair:2   | Learned a level 9 spell: Fire Storm
 39595 | Swamp:1  | Got a warped large shield
 39606 | Swamp:1  | Identified the -3 large shield "Caisetza" {rElec} (You acquired it on level 1 of the Swamp)
 40951 | Swamp:2  | Reached skill level 15 in Conjurations
 42194 | Swamp:3  | HP: 60/151 [alligator[an alligator] (20)]
 42212 | Swamp:3  | HP: 66/151 [/static electricity (1)]
 42225 | Swamp:3  | Learned a level 3 spell: Regeneration
 42921 | Swamp:3  | Reached skill level 1 in Charms
 43197 | Swamp:4  | Entered Level 4 of the Swamp
 43336 | Swamp:4  | Reached XP level 18. HP: 140/160 MP: 14/32
 44389 | Swamp:4  | Got a decaying rune of Zot
 44472 | Swamp:4  | Reached skill level 10 in Fighting
 45609 | Snake:1  | Entered Level 1 of the Snake Pit
 45632 | Snake:1  | Identified the cursed +0 pair of boots of Ogreut {SInv} (You found it on level 6 of the Lair of Beasts)
 46299 | Snake:1  | Reached skill level 1 in Necromancy
 46385 | Snake:1  | Found Xaf Qinn's Specialty Armours.
 46602 | Snake:1  | Found Ajaet's Gadget Boutique.
 46602 | Snake:1  | Found Opoymea's Jewellery Emporium.
 46603 | Snake:1  | Found Wuqat's Jewellery Emporium.
 46613 | Snake:1  | Bought a +3 amulet of reflection for 251 gold pieces
 46996 | Snake:1  | Found a glowing golden altar of the Shining One.
 47285 | Snake:2  | HP: 77/162 [naga sharpshooter/arrow (23)]
 47293 | Snake:2  | HP: 64/162 [poisoned by a nagaraja (poison arrow)]
 47298 | Snake:2  | HP: 58/162 [black mamba (8)]
 47308 | Snake:2  | HP: 60/162 [black mamba (4)]
 47313 | Snake:2  | HP: 40/162 [black mamba (1)]
 47318 | Snake:2  | HP: 26/162 [black mamba (2)]
 47320 | Snake:2  | Noticed Vashnia
 47334 | Snake:2  | HP: 36/162 [salamander/glaive (3)]
 47345 | Snake:2  | HP: 24/162 [black mamba (13)]
 47346 | Snake:2  | HP: 7/162 [black mamba (16)]
 47352 | Snake:2  | HP: 38/243 [black mamba (8)]
 47912 | Snake:2  | HP: 79/162 [Vashnia/arrow (28)]
 47918 | Snake:2  | Killed Vashnia
 47918 | Snake:2  | Reached skill level 5 in Dodging
 49193 | Snake:2  | Noticed Roxanne
 49347 | Snake:2  | Killed Roxanne
 49347 | Snake:2  | Reached XP level 19. HP: 170/170 MP: 23/34
 49352 | Snake:2  | Identified Roxanne's Tome of Moulding (You took it off Roxanne on level 2 of the Snake Pit)
 49696 | Snake:2  | Reached skill level 5 in Armour
 50135 | Snake:2  | Found Qeutueth's Armour Boutique.
 50135 | Snake:2  | Found Puenu's Distillery.
 50139 | Snake:2  | Found Urigam's Magic Scroll Boutique.
 50145 | Snake:2  | Bought a potion of magic for 88 gold pieces
 50145 | Snake:2  | Bought a potion of magic for 88 gold pieces
 51067 | Snake:3  | Cast into level 1 of the Abyss (salamander)
 51102 | Snake:3  | Escaped the Abyss
 51166 | Snake:3  | Got a bloodstained scale mail
 51167 | Snake:3  | Identified the +0 scale mail of Gestures {rC+ MR+ rCorr} (You took it off a salamander on level 3 of the Snake Pit)
 51406 | Snake:3  | HP: 79/170 [salamander/halberd (8)]
 51413 | Snake:3  | HP: 67/170 [/static electricity (1)]
 52111 | Snake:3  | Reached skill level 5 in Staves
 52846 | Orc:2    | Bought a potion of haste for 150 gold pieces
 52972 | D:15     | Bought a book of Enchantments for 950 gold pieces
 52979 | D:15     | Learned a level 6 spell: Deflect Missiles
 53028 | Vaults:1 | Entered Level 1 of the Vaults
 53274 | Vaults:1 | HP: 79/170 [wolf spider (10)]
 53279 | Vaults:1 | HP: 62/170 [acid dragon/splash of acid (5)]
 53300 | Vaults:2 | Found Deriq's Assorted Antiques.
 53304 | Vaults:2 | HP: 68/170 [orc knight/long sword (17)]
 54823 | Vaults:1 | Found Apekuu's Distillery.
 54870 | Vaults:1 | Got a pitted trident {pierce}
 54871 | Vaults:1 | Identified the cursed +3 trident of the Endless March {pierce, -Tele rPois rC+} (You took it off an orc knight on level 1 of the Vaults)
 54967 | Vaults:1 | HP: 79/170 [shot self (10)]
 54975 | Vaults:1 | HP: 35/170 [shadow wraith (17)]
 54980 | Vaults:1 | HP: 37/171 [/static electricity (1)]
 54990 | Vaults:1 | HP: 46/171 [shadow wraith (2)]
 55829 | Vaults:1 | HP: 76/171 [flayed ghost/flay_damage (29)]
 56443 | Vaults:1 | Upgraded the game from 0.22-a0-803-gd6d8abe to 0.22-a0-815-gb582571
 56689 | Vaults:2 | Reached XP level 20. HP: 143/180 MP: 19/35
 56837 | Vaults:2 | HP: 87/180 [vault warden/long sword of freezing (9)]
 58000 | Vaults:2 | Found a staircase to the Crypt.
 58000 | Vaults:2 | Found a basalt altar of Yredelemnul.
 58000 | Vaults:2 | Found an ancient bone altar of Kikubaaqudgha.
 58550 | Vaults:2 | HP: 87/181 [ice dragon (4)]
 58553 | Vaults:2 | HP: 31/181 [ice dragon/blast of cold (57)]
 60018 | Orc:2    | Bought an uncursed ring of wizardry for 330 gold pieces
 60830 | Vaults:3 | HP: 84/181 [wolf spider (22)]
 60835 | Vaults:3 | HP: 75/181 [poisoned by a wolf spider]
 60840 | Vaults:3 | HP: 75/181 [poisoned by a wolf spider]
 60845 | Vaults:3 | HP: 32/181 [fire giant/fireball (21)]
 60851 | Vaults:3 | HP: 31/181 [poisoned by a wolf spider]
 60858 | Vaults:3 | HP: 31/181 [poisoned by a wolf spider]
 60866 | Vaults:3 | HP: 40/181 [poisoned by a wolf spider]
 61271 | Vaults:3 | HP: 84/182 [tengu reaver/bolt of lightning (16)]
 62105 | Vaults:3 | Got a bone rapier {drain}
 62106 | Vaults:3 | Identified the +6 rapier of Responsibility {drain, rN++} (You took it off a centaur on level 3 of the Vaults)
 62167 | Vaults:3 | HP: 89/182 [entropy weaver (10)]
 62168 | Vaults:3 | HP: 31/182 [stone giant (19)]
 62526 | Vaults:3 | Reached XP level 21. HP: 146/189 MP: 17/37
 63970 | Vaults:4 | Noticed Sojobo
 64164 | Vaults:4 | Reached skill level 5 in Charms
 64519 | Vaults:4 | Got an iridescent dagger {pierce}
 64519 | Vaults:4 | Got a flickering bronze ring
 64520 | Vaults:4 | Identified the cursed +3 dagger of Karma {pierce, +Inv rF+} (You took it off a centaur warrior on level 4 of the Vaults)
 64524 | Vaults:4 | Identified the ring "Neephung" {rC+ MP+9 Int+2 Dex+3} (You took it off a centaur warrior on level 4 of the Vaults)
 64613 | Vaults:4 | Noticed Boris
 64623 | Vaults:4 | HP: 95/190 [Boris (4)]
 64625 | Vaults:4 | HP: 44/190 [Boris (15)]
 64628 | Vaults:4 | Killed Boris
 64632 | Vaults:4 | HP: 38/190 [war gargoyle/spray of metal splinters (11)]
 64639 | Vaults:4 | HP: 31/190 [war gargoyle/flail (7)]
 64647 | Vaults:4 | HP: 39/190 [tengu reaver/freezing blast (3)]
 64711 | Vaults:4 | Noticed Xtahua
 65038 | Vaults:4 | Paralysed by Xtahua for 2 turns
 65162 | Vaults:4 | Killed Sojobo
 66439 | Vaults:4 | HP: 93/192 [Xtahua (18)]
 66441 | Vaults:4 | Killed Xtahua
 67102 | Snake:4  | Entered Level 4 of the Snake Pit
 67157 | Snake:4  | Found a runed door.
 67181 | Snake:4  | Found a sparkling altar of Nemelex Xobeh.
 67421 | Snake:4  | Cast into level 1 of the Abyss (salamander)
 67421 | Abyss:1  | Found a corrupted altar of Lugonu.
 67493 | Abyss:2  | Got a shimmering buckler
 67502 | Abyss:2  | Identified the cursed +0 buckler of the Onion {rCorr MP+9 Str+2 Dex+2} (You found it on level 2 of the Abyss)
 67680 | Abyss:2  | HP: 92/192 [shadow dragon/bolt of negative energy (43)]
 67683 | Abyss:2  | Gained mutation: You are clumsy. (Dex -2) [a neqoxec]
 67690 | Abyss:2  | Found a corrupted altar of Lugonu.
 67702 | Abyss:2  | HP: 77/192 [large abomination (15)]
 67707 | Abyss:2  | HP: 80/192 [large abomination (5)]
 67713 | Abyss:2  | HP: 75/192 [large abomination (9)]
 67940 | Abyss:2  | Found a corrupted altar of Lugonu.
 68031 | Abyss:2  | HP: 73/192 [Hell Sentinel/damnation (30)]
 68107 | Abyss:2  | Found a corrupted altar of Lugonu.
 68174 | Abyss:2  | HP: 90/192 [lurking horror (88)]
 68213 | Abyss:2  | HP: 80/192 [wretched star/orb of energy (29)]
 68218 | Abyss:2  | HP: 67/192 [wretched star/orb of energy (20)]
 68219 | Abyss:2  | Reached XP level 22. HP: 70/200 MP: 16/38
 68492 | Abyss:2  | Found a corrupted altar of Lugonu.
 68560 | Abyss:2  | HP: 95/200 [tentacled starspawn (18)]
 68563 | Snake:4  | Escaped the Abyss
 68573 | Snake:3  | HP: 97/200 [salamander/trident (7)]
 68578 | Snake:3  | HP: 93/200 [/static electricity (1)]
 69441 | Snake:4  | HP: 99/200 [naga sharpshooter/arrow (25)]
 69446 | Snake:4  | HP: 98/200 [poisoned by a naga sharpshooter (splash of poison)]
 69454 | Snake:4  | HP: 100/200 [poisoned by a naga sharpshooter (splash of poison)]
 72554 | Snake:4  | Got a serpentine rune of Zot
 72718 | Snake:4  | HP: 93/201 [anaconda (8)]
 72724 | Snake:4  | HP: 68/202 [poisoned by a guardian serpent (bolt of poison)]
 72731 | Snake:4  | HP: 68/202 [poisoned by a guardian serpent (bolt of poison)]
 72732 | Snake:4  | Got a flickering bone ring
 72737 | Snake:4  | HP: 70/202 [poisoned by a guardian serpent (bolt of poison)]
 72791 | Snake:4  | Identified the ring "Peocrab" {rElec rPois MR+} (You took it off a naga mage on level 4 of the Snake Pit)
 73237 | Depths:1 | Entered Level 1 of the Depths
 73237 | Depths:1 | Found a gateway to Hell.
 73560 | D:15     | HP: 96/202 [deep troll shaman (7)]
 73750 | Depths:1 | Reached XP level 23. HP: 190/210 MP: 21/40
 74149 | Depths:1 | Found a one-way gate leading to the halls of Pandemonium.
 74567 | Depths:1 | Gained mutation: You are weak. (Str -2) [mutagenic glow]
 74861 | Depths:1 | Noticed Jorgrun
 74866 | Depths:1 | Killed Jorgrun
 75425 | Depths:2 | HP: 98/210 [purple very ugly thing (16)]
 75438 | Depths:1 | Learned a level 8 spell: Chain Lightning
 75998 | Depths:2 | Noticed a caustic shrike
 76007 | Depths:1 | Killed a caustic shrike
 77299 | Depths:2 | HP: 99/212 [acid (9)]
 77307 | Depths:2 | HP: 98/212 [red very ugly thing (5)]
 78027 | Depths:3 | Reached XP level 24. HP: 185/220 MP: 20/41
 78298 | Depths:3 | HP: 109/220 [frost giant/bolt of cold (18)]
 78542 | Depths:2 | HP: 101/220 [golden dragon/bolt of fire (11)]
 78547 | Depths:2 | HP: 57/220 [golden dragon (10)]
 78884 | Depths:3 | Found a one-way gate to the infinite horrors of the Abyss.
 79018 | Depths:3 | HP: 99/222 [flayed ghost/flay_damage[a vampire mage] (37)]
 79150 | Depths:3 | Got a smoking rapier
 79151 | Depths:3 | Identified the cursed +0 rapier of Chagrin {drain, rC+} (You found it on level 3 of the Depths)
 79813 | Depths:3 | HP: 109/222 [spriggan defender/demon whip of venom (4)]
 79818 | Depths:3 | HP: 97/222 [poisoned by a spriggan defender]
 79824 | Depths:3 | HP: 98/222 [poisoned by a spriggan defender]
 79830 | Depths:3 | HP: 104/222 [poisoned by a spriggan defender]
 79835 | Depths:3 | HP: 105/222 [poisoned by a spriggan defender]
 79843 | Depths:3 | HP: 107/222 [poisoned by a spriggan defender]
 79950 | Depths:3 | Gained mutation: You evolve. [a shining eye]
 80116 | Depths:3 | HP: 110/222 [cyan very ugly thing (8)]
 80121 | Depths:3 | HP: 61/222 [cyan very ugly thing (5)]
 80125 | Depths:3 | HP: 11/222 [titan (32)]
 80126 | Depths:3 | Mangled by a titan

Vault maps used:
D:1:      dpeg_arrival_shelter, corexii_corridor_pit, evilmike_ruin_ashenzari
D:2:      nicolae_qazlal_general_emergency, uniq_robin
D:3:      minmay_door_path, corexii_shack
D:4:      first_ration, minmay_strange_pillars, uniq_pikel
D:6:      lemuel_temple_firewalk_a, basic_altar, kennysheep_opposing_triangles
D:7:      demons_altar, amethyst_overflow_temple_binary,
          grunt_temple_overflow_open
D:8:      minmay_quarter_circles
D:9:      cheibrodos_worm_habitat, grunt_livestock
D:10:     erik_lair_orcish_takeover, serial_ice, serial_ice_f, serial_ice_i,
          serial_ice_n, serial_ice_g, enter_trove_0, kb_xom_exploding_sheep
D:11:     basic_altar, serial_corexii_hall, corexii_hall_statues_u,
          corexii_hall_statues_i
D:12:     david_orc_4, grunt_ministairs_3, minivault_19
D:14:     grunt_vaults_entry_fortified, fedhas_altar_1, lemuel_blue_sif_altar,
          uniq_kirke
D:15:     gammafunk_enter_depths_forms, serial_shops, nicolae_shop_behind_doors,
          hangedman_abyss_or_decor_stagger, nicolae_tso_swordbearing_angel,
          uniq_agnes
Lair:1:   small_statue_intersection
Lair:2:   minmay_swamp_entry_worms, grunt_megastairs_5,
          infiniplex_staircase_pool, serial_bayou_shore_b
Lair:3:   uniq_sonja, uniq_gastronok
Lair:4:   guppyfry_snake_entry_island, columned_hall_lemuel, lemuel_old_faithful
Lair:5:   serial_bayou_shore_b, grunt_megastairs_4
Lair:6:   evilmike_catoblepas_cave, slime_altar_1, gammafunk_ghost_cemetery
Swamp:1:  evilmike_swamp_ruin_rubble_2, infiniplex_staircase_pool_2
Swamp:2:  evilmike_swamp_ruin_house_5
Swamp:3:  serial_swamp_ruin, evilmike_swamp_ruin_house_3,
          evilmike_swamp_ruin_wall
Swamp:4:  swamp, swamp_pool5
Snake:1:  basic_altar, nicolae_barding_shop, minmay_shop_grove
Snake:2:  nicolae_snakescales, minmay_shop_star, basic_stair_grate_trap,
          uniq_vashnia, uniq_roxanne
Snake:4:  snake_pit_salamanders_mu, basic_altar, spider_trap, lightli_airlock
Orc:1:    enter_bailey_3
Orc:2:    grunt_orc_tribal_feast, elves_outpost_lemuel
Vaults:1: vaults_mumra_bighexcomb, vaults_room_door_hall, v_pattern_2,
          hangedman_vaults_slice, nicolae_vaults_sealed_display,
          vaults_mumra_hexcomb, serial_shops, nicolae_shop_trees
Vaults:2: ontoclasm_vaults_idyll, v_misc_16, nicolae_vaults_circle_grid_b,
          minmay_crypt_entry_necro_gods, hangedman_vaults_cutoff, v_rooms_1,
          vaults_dpeg_encased_lava, vaults_dpeg_ring, vaults_room_pool,
          v_misc_27, ontoclasm_vaults_fault, vaults_room_corners,
          vaults_room_grunt_arrival_ludios, nicolae_vaults_statue_guard,
          serial_shops, nicolae_shop_trees
Vaults:3: v_rooms_2, grunt_vaults_diagonal, ontoclasm_vaults_ring_square,
          hangedman_vaults_corner, v_alt_pattern_4, st_more_cells,
          nicolae_vaults_little_squares_1, v_misc_26, nicolae_vaults_gold_heap,
          grunt_vaults_twisty, hangedman_vaults_stretched_pinwheel,
          dpeg_vaults_monster_box, vaults_room_pool, vaults_standard_mumra_x
Vaults:4: hangedman_vaults_variations, nicolae_vaults_mini_display_case,
          nicolae_vaults_twisting_passages, vaults_mumra_hex, st_diamondy,
          vaults_room_door_ring, dpeg_vaults_monster_row,
          nicolae_vaults_network_star, grunt_vaults_hallway_long,
          nicolae_vaults_circle_grid_a, ontoclasm_vaults_ring_large,
          nicolae_vaults_circle_grid_a, uniq_sojobo, uniq_boris, uniq_xtahua
Depths:1: rand_demon_pan_entry_4, hell_entry, abandoned_shop,
          lightli_corner_chamber, uniq_jorgrun
Depths:2: minmay_expanding_squares, minmay_misc_feat_tower,
          grunt_hell_entry_dis_mu
Depths:3: hangedman_pleasuredromes, hell_entry, pan_entry, abyss_entry
Abyss:2:  evilmike_abyss_exit_1
Bailey:   bailey_polearm_5, bailey

Skill      XL: |  1  2  3  4  5  6  7  8  9 10 11 12 13 14 15 16 17 18 19 20 21 22 23 24 |
---------------+-------------------------------------------------------------------------+-----
Conjurations   | 2 3 5 6 8 9 10 11 12 13 14 15 16 17 18 19 20 | 20.4
Fire Magic     | 4 5 6 7 8 10 11 12 13 14 15 16 17 18 19 20 | 20.3
Spellcasting   | 3 4 5 6 7 8 9 10 11 12 13 14 | 14.7
Stealth        | 5 6 9 10 11 | 11.6
Shields        | 2 3 4 5 6 7 8 9 |  9.0
Fighting       | 2 4 5 6 7 8 9 10 11 12 13 14 | 14.2
Air Magic      | 1 3 4 5 6 7 9 |  9.8
Armour         | 1 3 4 5 6 |  6.7
Ice Magic      | 3 |  3.0
Staves         | 2 4 6 7 |  7.2
Dodging        | 3 5 6 7 8 |  8.9
Charms         | 1 3 4 5 |  5.0
Necromancy     | 3 |  3.0

Action                   |  1- 3 |  4- 6 |  7- 9 | 10-12 | 13-15 | 16-18 | 19-21 | 22-24 || total
-------------------------+-------+-------+-------+-------+-------+-------+-------+-------++-------
Melee: Dagger            |     4 |    32 |   118 |    44 |       |       |       |       ||   198
       Staff             |       |       |       |       |    51 |   161 |   455 |   484 ||  1151
       Constrict         |       |       |       |       |    13 |    14 |    63 |    64 ||   154
 Cast: Flame Tongue      |    25 |    88 |   169 |   451 |   614 |   810 |   527 |   145 ||  2829
       Conjure Flame     |       |     2 |    10 |    17 |    17 |    18 |    20 |     7 ||    91
       Sticky Flame      |       |     1 |     8 |    41 |    97 |   105 |   161 |    88 ||   501
       Magic Dart        |       |       |    12 |       |       |       |       |       ||    12
       Fireball          |       |       |     3 |    36 |    89 |   109 |   174 |   229 ||   640
       Shock             |       |       |       |    21 |    14 |     8 |     5 |     5 ||    53
       Static Discharge  |       |       |       |    27 |    55 |    94 |   144 |   184 ||   504
       Bolt of Magma     |       |       |       |       |    22 |    60 |   159 |   119 ||   360
       Throw Icicle      |       |       |       |       |     1 |       |       |       ||     1
       Regeneration      |       |       |       |       |       |     5 |    76 |    65 ||   146
       Deflect Missiles  |       |       |       |       |       |       |     2 |     7 ||     9
       Chain Lightning   |       |       |       |       |       |       |       |    37 ||    37
 Abil: Spit Poison       |    20 |    54 |    37 |    27 |     7 |       |     1 |     3 ||   149
Evoke: Wand              |       |       |       |     6 |     1 |       |     3 |     4 ||    14
  Use: Scroll            |       |     8 |    10 |     5 |    13 |    10 |    17 |     5 ||    68
       Potion            |       |       |       |     2 |     1 |    10 |     5 |     2 ||    20
 Stab: Sleeping          |       |     1 |       |     1 |       |       |       |       ||     2
       Paralysed         |       |       |       |     3 |       |       |       |       ||     3
       Confused          |       |       |       |       |       |     1 |       |       ||     1
       Distracted        |       |       |       |       |       |       |     1 |       ||     1
  Eat: Chunk             |     2 |    10 |    12 |    29 |    42 |    29 |    40 |    40 ||   204
       Ration            |       |       |     2 |     5 |     4 |     8 |    10 |     7 ||    36
Armor: Robe              |    11 |     5 |    30 |   189 |   211 |   441 |   454 |   468 ||  1809
       Animal skin       |       |    40 |    68 |       |       |       |       |       ||   108
       Skin              |       |       |       |     2 |       |     7 |       |       ||     9
Dodge: Dodged            |    12 |    43 |    57 |   105 |   148 |   274 |   367 |   389 ||  1395
       Deflected         |       |       |       |       |       |       |    43 |    83 ||   126
Block: Buckler           |       |       |    18 |    60 |       |       |       |       ||    78
       Shield            |       |       |       |    15 |   200 |   444 |   779 |   640 ||  2078
       Reflection        |       |       |       |       |       |    17 |    99 |    87 ||   203

Table legend:
 A = Spawn XP
 B = Non-spawn XP
 C = Spawn XP percentage of total XP
 D = Spawn monster count
 E = Non-spawn monster count
 F = Spawn count percentage of total count
 G = Total turns spent on level
                    A         B        C        D         E        F      G
               +---------+---------+-------+---------+---------+-------+---------
         Total |   18334 |  833749 |   2.2 |      31 |    1808 |   1.7 | 80126
               +---------+---------+-------+---------+---------+-------+---------
           D:1 |       0 |      36 |   0.0 |       0 |      20 |   0.0 |  1048
           D:2 |       0 |     209 |   0.0 |       0 |      38 |   0.0 |  1604
           D:3 |       0 |      52 |   0.0 |       0 |      25 |   0.0 |   854
           D:4 |       0 |    1013 |   0.0 |       0 |      24 |   0.0 |  1348
           D:5 |       0 |     727 |   0.0 |       0 |      17 |   0.0 |  1086
           D:6 |       0 |     374 |   0.0 |       0 |       9 |   0.0 |   941
           D:7 |       0 |    1388 |   0.0 |       0 |      34 |   0.0 |  1896
           D:8 |       0 |    5432 |   0.0 |       0 |      52 |   0.0 |  2682
           D:9 |       0 |    2738 |   0.0 |       0 |      32 |   0.0 |  1178
          D:10 |       0 |    3989 |   0.0 |       0 |      44 |   0.0 |  1482
          D:11 |       0 |    4341 |   0.0 |       0 |      33 |   0.0 |  1962
          D:12 |       0 |    8833 |   0.0 |       0 |      48 |   0.0 |  2173
          D:13 |       0 |    9564 |   0.0 |       0 |      35 |   0.0 |  1996
          D:14 |       0 |   15076 |   0.0 |       0 |      38 |   0.0 |  1775
          D:15 |       0 |   31231 |   0.0 |       0 |      60 |   0.0 |  3177
        Lair:1 |       0 |    4242 |   0.0 |       0 |      18 |   0.0 |  1744
        Lair:2 |       0 |    4565 |   0.0 |       0 |      20 |   0.0 |  2510
        Lair:3 |       0 |    7445 |   0.0 |       0 |      24 |   0.0 |  1670
        Lair:4 |       0 |    5353 |   0.0 |       0 |      30 |   0.0 |  1317
        Lair:5 |       0 |    7013 |   0.0 |       0 |      23 |   0.0 |  1429
        Lair:6 |       0 |   23462 |   0.0 |       0 |      53 |   0.0 |  3192
       Swamp:1 |       0 |   17026 |   0.0 |       0 |      43 |   0.0 |  1643
       Swamp:2 |       0 |    9851 |   0.0 |       0 |      31 |   0.0 |  1142
       Swamp:3 |       0 |   16032 |   0.0 |       0 |      27 |   0.0 |  2511
       Swamp:4 |       0 |   35275 |   0.0 |       0 |      54 |   0.0 |  1398
       Snake:1 |       0 |   14911 |   0.0 |       0 |      28 |   0.0 |  2062
       Snake:2 |       0 |   38505 |   0.0 |       0 |      52 |   0.0 |  3030
       Snake:3 |       0 |   23527 |   0.0 |       0 |      41 |   0.0 |  2169
       Snake:4 |       0 |   90776 |   0.0 |       0 |     138 |   0.0 |  4554
         Orc:1 |       0 |    3116 |   0.0 |       0 |      53 |   0.0 |  1047
         Orc:2 |       0 |   18224 |   0.0 |       0 |      72 |   0.0 |  1858
      Vaults:1 |       0 |   49490 |   0.0 |       0 |      86 |   0.0 |  3907
      Vaults:2 |       0 |   46225 |   0.0 |       0 |      85 |   0.0 |  3288
      Vaults:3 |       0 |   61074 |   0.0 |       0 |      94 |   0.0 |  3743
      Vaults:4 |       0 |   68606 |   0.0 |       0 |      63 |   0.0 |  2671
      Depths:1 |       0 |   43750 |   0.0 |       0 |      55 |   0.0 |  1864
      Depths:2 |       0 |   82116 |   0.0 |       0 |      90 |   0.0 |  2781
      Depths:3 |       0 |   73215 |   0.0 |       0 |      74 |   0.0 |  1602
       Abyss:2 |   18334 |    2037 |  90.0 |      31 |       5 |  86.1 |  1090
        Bailey |       0 |    2910 |   0.0 |       0 |      40 |   0.0 |   615
               +---------+---------+-------+---------+---------+-------+---------

Vault maps used:
D:1:      dpeg_arrival_shelter, corexii_corridor_pit, evilmike_ruin_ashenzari
D:2:      nicolae_qazlal_general_emergency, uniq_robin
D:3:      minmay_door_path, corexii_shack
D:4:      first_ration, minmay_strange_pillars, uniq_pikel
D:6:      lemuel_temple_firewalk_a, basic_altar, kennysheep_opposing_triangles
D:7:      demons_altar, amethyst_overflow_temple_binary,
          grunt_temple_overflow_open
D:8:      minmay_quarter_circles
D:9:      cheibrodos_worm_habitat, grunt_livestock
D:10:     erik_lair_orcish_takeover, serial_ice, serial_ice_f, serial_ice_i,
          serial_ice_n, serial_ice_g, enter_trove_0, kb_xom_exploding_sheep
D:11:     basic_altar, serial_corexii_hall, corexii_hall_statues_u,
          corexii_hall_statues_i
D:12:     david_orc_4, grunt_ministairs_3, minivault_19
D:14:     grunt_vaults_entry_fortified, fedhas_altar_1, lemuel_blue_sif_altar,
          uniq_kirke
D:15:     gammafunk_enter_depths_forms, serial_shops, nicolae_shop_behind_doors,
          hangedman_abyss_or_decor_stagger, nicolae_tso_swordbearing_angel,
          uniq_agnes
Lair:1:   small_statue_intersection
Lair:2:   minmay_swamp_entry_worms, grunt_megastairs_5,
          infiniplex_staircase_pool, serial_bayou_shore_b
Lair:3:   uniq_sonja, uniq_gastronok
Lair:4:   guppyfry_snake_entry_island, columned_hall_lemuel, lemuel_old_faithful
Lair:5:   serial_bayou_shore_b, grunt_megastairs_4
Lair:6:   evilmike_catoblepas_cave, slime_altar_1, gammafunk_ghost_cemetery
Swamp:1:  evilmike_swamp_ruin_rubble_2, infiniplex_staircase_pool_2
Swamp:2:  evilmike_swamp_ruin_house_5
Swamp:3:  serial_swamp_ruin, evilmike_swamp_ruin_house_3,
          evilmike_swamp_ruin_wall
Swamp:4:  swamp, swamp_pool5
Snake:1:  basic_altar, nicolae_barding_shop, minmay_shop_grove
Snake:2:  nicolae_snakescales, minmay_shop_star, basic_stair_grate_trap,
          uniq_vashnia, uniq_roxanne
Snake:4:  snake_pit_salamanders_mu, basic_altar, spider_trap, lightli_airlock
Orc:1:    enter_bailey_3
Orc:2:    grunt_orc_tribal_feast, elves_outpost_lemuel
Vaults:1: vaults_mumra_bighexcomb, vaults_room_door_hall, v_pattern_2,
          hangedman_vaults_slice, nicolae_vaults_sealed_display,
          vaults_mumra_hexcomb, serial_shops, nicolae_shop_trees
Vaults:2: ontoclasm_vaults_idyll, v_misc_16, nicolae_vaults_circle_grid_b,
          minmay_crypt_entry_necro_gods, hangedman_vaults_cutoff, v_rooms_1,
          vaults_dpeg_encased_lava, vaults_dpeg_ring, vaults_room_pool,
          v_misc_27, ontoclasm_vaults_fault, vaults_room_corners,
          vaults_room_grunt_arrival_ludios, nicolae_vaults_statue_guard,
          serial_shops, nicolae_shop_trees
Vaults:3: v_rooms_2, grunt_vaults_diagonal, ontoclasm_vaults_ring_square,
          hangedman_vaults_corner, v_alt_pattern_4, st_more_cells,
          nicolae_vaults_little_squares_1, v_misc_26, nicolae_vaults_gold_heap,
          grunt_vaults_twisty, hangedman_vaults_stretched_pinwheel,
          dpeg_vaults_monster_box, vaults_room_pool, vaults_standard_mumra_x
Vaults:4: hangedman_vaults_variations, nicolae_vaults_mini_display_case,
          nicolae_vaults_twisting_passages, vaults_mumra_hex, st_diamondy,
          vaults_room_door_ring, dpeg_vaults_monster_row,
          nicolae_vaults_network_star, grunt_vaults_hallway_long,
          nicolae_vaults_circle_grid_a, ontoclasm_vaults_ring_large,
          nicolae_vaults_circle_grid_a, uniq_sojobo, uniq_boris, uniq_xtahua
Depths:1: rand_demon_pan_entry_4, hell_entry, abandoned_shop,
          lightli_corner_chamber, uniq_jorgrun
Depths:2: minmay_expanding_squares, minmay_misc_feat_tower,
          grunt_hell_entry_dis_mu
Depths:3: hangedman_pleasuredromes, hell_entry, pan_entry, abyss_entry
Abyss:2:  evilmike_abyss_exit_1
Bailey:   bailey_polearm_5, bailey
